 Dungeon Crawl Stone Soup version 0.17.0-28-g6e173f8 (webtiles) character file.

102 dohliylev the Covert (level 4, 0/33 HPs)
             Began as a Vampire Assassin on Nov 23, 2015.
             Slain by a worker ant (5 damage)
             ... on level 3 of the Dungeon.
             The game lasted 00:14:27 (3110 turns).

dohliylev the Covert (Vampire Assassin)             Turns: 3110, Time: 00:14:27

Health: 0/33       AC:  3    Str: 10    XL:     4   Next: 49%
Magic:  4/4        EV: 12    Int: 13    God:
Gold:   82         SH:  0    Dex: 16    Spells: 0 memorised, 3 levels left

rFire  . . .     SeeInvis +     a - +2 dagger
rCold  + . .     Clarity  .     c - +0 robe
rNeg   + + .     SustAt   .     (no shield)
rPois  +         Gourm    .     (no helmet)
rElec  .         Spirit   .     d - +0 cloak
rCorr  .         Warding  .     (no gloves)
rMut   .         Stasis   .     (no boots)
MR     .....                    (no amulet)
Stlth  +++++.....               (no ring)
                                (no ring)

@: regenerating slowly, not resistant to hostile enchantments, quite stealthy
A: fangs 3, see invisible, unbreathing
a: Bat Form


You were on level 3 of the Dungeon.
You were very thirsty.

You visited 1 branch of the dungeon, and saw 3 of its levels.

You collected 82 gold pieces.

Inventory:

Hand Weapons
 a - a +2 dagger (weapon)
 b - a +0 blowgun
Missiles
 e - 5 poisoned needles (quivered)
 f - a curare-tipped needle
Armour
 c - a +0 robe (worn)
 d - a +0 cloak (worn)
Scrolls
 h - a scroll of enchant armour {unknown}
 i - 3 scrolls of identify {unknown}
 j - a scroll of enchant weapon {unknown}
 l - 2 scrolls of random uselessness {unknown}
 n - a scroll of noise {unknown}
 o - a scroll of immolation {unknown}
Potions
 g - 5 potions of blood
 k - 2 potions of ambrosia {unknown}
 m - 2 potions of might {unknown}
 p - a potion of cure mutation {unknown}


   Skills:
 - Level 1.7 Fighting
 - Level 2.1 Short Blades
 - Level 1.5 Throwing
 - Level 1.1 Dodging
 * Level 9.1 Stealth


You had 3 spell levels left.
You didn't know any spells.

Dungeon Overview and Level Annotations

Branches:
Dungeon (3/15)

Altars:


Innate Abilities, Weirdness & Mutations

You heal slowly.
You have razor-sharp teeth.
You have supernaturally acute eyesight.
You can survive without breathing.


Message History

You closely miss the worker ant.
The worker ant is moderately wounded.
You hit the worker ant but do no damage.
The worker ant is moderately wounded.
The worker ant bites you!
* * * LOW HITPOINT WARNING * * *
You hit the worker ant.
The worker ant is moderately wounded.
The worker ant barely misses you.
Your transformation has ended.
Your +2 dagger unmelds from your body.
Your +0 cloak unmelds from your body.
Your +0 robe unmelds from your body.
The worker ant bites you.
* * * LOW HITPOINT WARNING * * *
You hit the worker ant. Your bite misses the worker ant.
The worker ant is severely wounded.
The worker ant closely misses you.
You completely miss the worker ant.
The worker ant is severely wounded.
The worker ant bites you.
You die...

.# .# .# .# .#
.############ ..
.##...#.....# ######....
......#.....###a.......#
##....#.....##.#@#####.#
#.....?.......#.#
##.........##.#.#
#......#####.#.#
####...#####.#.#
..............#.#
##.##.#.#######.# #.
#.#.# #.# # #.#.# #.#


You could see a worker ant.

Vanquished Creatures
  3 adders
  2 oozes
  3 worms (D:2)
  A giant gecko (D:3)
  4 orcs (D:3)
  3 giant cockroaches
  4 hobgoblins
  6 bats
  5 giant newts
  8 goblins
  4 jackals (D:1)
  5 kobolds
  8 rats
56 creatures vanquished.

Notes
Turn   | Place    | Note
--------------------------------------------------------------
     0 | D:1      | dohliylev the Vampire Assassin began the quest for the Orb.
     0 | D:1      | Reached XP level 1. HP: 16/16 MP: 1/1
   105 | D:1      | Reached skill level 6 in Stealth
   276 | D:1      | Reached XP level 2. HP: 22/22 MP: 2/2
   457 | D:1      | Reached skill level 7 in Stealth
   882 | D:2      | Reached XP level 3. HP: 17/27 MP: 3/3
  1911 | D:2      | Reached skill level 8 in Stealth
  2298 | D:3      | Reached XP level 4. HP: 4/33 MP: 4/4
  2700 | D:3      | Reached skill level 9 in Stealth
  3110 | D:3      | Slain by a worker ant

Action                   |  1- 3 |  4- 6 || total
-------------------------+-------+-------++-------
Melee: Dagger            |   124 |    17 ||   141
       Unarmed           |       |    22 ||    22
 Fire: Blowgun           |    13 |     5 ||    18
 Abil: End Transformatio |       |     2 ||     2
       Bat Form          |       |     2 ||     2
  Use: Potion            |     1 |     1 ||     2
 Stab: Sleeping          |    22 |     2 ||    24
       Distracted        |     1 |     3 ||     4
